 Dungeon Crawl Stone Soup version 0.27-a0-906-g0a00ce863d (webtiles) character file.

Game seed: 1175529057103413237

1 jestyr24 the Magician (level 1, 0/15 HPs)
             Began as a Djinni Conjurer on Apr 7, 2021.
             Slain by a jackal (3 damage)
             ... on level 1 of the Dungeon.
             The game lasted 00:00:52 (123 turns).

jestyr24 the Magician (Djinni Conjurer)              Turns: 123, Time: 00:00:53

Health: 0/15       AC:  3    Str:  6    XL:     1   Next: 20%
Gold:   0          EV: 12    Int: 19    God:
                   SH:  0    Dex: 11

rFire    + + .     SeeInvis .   e - +0 club
rCold    x . .     Faith    .   (no shield)
rNeg     . . .     Spirit   .   a - +0 robe
rPois    ∞         Reflect  .   (no helmet)
rElec    .         Harm     .   (no cloak)
rCorr    .         Rampage  .   d - +0 pair of gloves
Will     .....                  (boots unavailable)
Stlth    ++........             (no amulet)
HPRegen  0.05/turn              (no ring)
MPRegen  0.00/turn              (no ring)

@: flying
A: fire resistance 2, cold vulnerability 1, float, innate caster, hp casting,
extra vitality 1
a: no special abilities


You were on level 1 of the Dungeon.
You visited 1 branch of the dungeon, and saw 1 of its levels.

Inventory:

Hand Weapons
 e - a +0 club (weapon)
Armour
 a - a +0 robe (worn)
 d - a +0 pair of gloves (worn)
Scrolls
 b - a scroll of torment {unknown}


   Skills:
 + Level 2.1 Dodging
 + Level 1.5 Stealth
 + Level 3.6 Spellcasting


You couldn't memorise any spells.
You knew the following spells:

 Your Spells              Type           Power      Damage    Failure   Level
a - Magic Dart            Conj           68%        1d6       3%          1
b - Searing Ray           Conj           34%        3d4       4%          2
c - Dazzling Flash        Conj/Hex       34%        N/A       10%         3
d - Fulminant Prism       Conj/Hex       8%         3d7       30%         4
e - Iskenderun's Mystic   Conj/Tloc      17%        2d5       30%         4
Your spell library was empty.

Dungeon Overview and Level Annotations

Branches:
Dungeon (1/15)

Altars:


Innate Abilities, Weirdness & Mutations

You are immune to poison.
Your flesh is very heat resistant. (rF++)
You are vulnerable to cold. (rC-)
You float through the air rather than walking.
You learn spells naturally, not from books.
Your magical power is your life essence.
You have superior vitality. (+4 HP)


Message History

The jackal is almost dead.
The jackal barely misses you. x2
The magic dart hits the jackal.
You kill the jackal!
The magic dart hits the jackal but does no damage.
The jackal bites you.
The jackal bites you but does no damage.
Your magical contamination has completely faded away.
The magic dart hits the jackal but does no damage.
The jackal bites you. The jackal misses you. The jackal bites you.
You are too injured to fight recklessly!
The jackal closely misses you. The jackal misses you.
The jackal closely misses you.
You are too injured to fight recklessly!
You see here a +0 club.
e - a +0 club
e - a +0 club (weapon)
It was a potion of curing.
You feel better.
The jackal bites you but does no damage.
The jackal closely misses you. x2
You hit the jackal but do no damage. The jackal closely misses you. x3
The jackal bites you. The jackal barely misses you. x2
You barely miss the jackal. The jackal bites you.
The jackal bites you but does no damage. x3
The jackal barely misses you.
You closely miss the jackal. The jackal barely misses you.
The jackal bites you but does no damage.
The jackal closely misses you. x2; The jackal misses you. x2
You closely miss the jackal. The jackal bites you.
The jackal barely misses you. x3; The jackal bites you.
You hit the jackal but do no damage. The jackal bites you.
The jackal barely misses you. The jackal bites you.
The jackal closely misses you. The jackal barely misses you.
The jackal barely misses you. The jackal closely misses you.
The jackal bites you.
* * * LOW HITPOINT WARNING * * *
You closely miss the jackal.
The jackal bites you but does no damage. x2
The jackal closely misses you. The jackal bites you.
You die...

..... .... .h.
########### h.##
####(........####...
###...............##.#
#.......⌠...⌠......†..
##..hhh........⌠...##.
#....@....≈.........#.
#...⌠...........⌠...#.
#<.....≈.....≈........
#...⌠...........⌠...#.
#.........≈.........#.
##...⌠.........⌠...###
#.......⌠...⌠......'.#
###...............##.#
####.........#####.#


You could see 3 jackals.

Vanquished Creatures
  A jackal (D:1)
1 creature vanquished.

Notes
Turn   | Place    | Note
-------+----------+-------------------------------------------
     0 | D:1      | jestyr24 the Djinni Conjurer began the quest for the Orb.
     0 | D:1      | Reached XP level 1. HP: 15/15 MP: 0/0
   123 | D:1      | Slain by a jackal

Illustrated notes

Levels and vault maps discovered:
D:1:      dpeg_arrival_stone_temple_mockup, layout_basic,
          ebering_ecumenical_altar_sacrificial

Action                   || total
-------------------------++-------
Melee: Club              ||     6
 Cast: Magic Dart        ||     4
  Use: Potion            ||     1
Armor: Robe              ||     8
Dodge: Dodged            ||    28

Table legend: (Time is in decaauts)
 A = Elapsed time spent in this place.
 B = Non-inter-level travel time spent in this place.
 C = Inter-level travel time spent in this place.
 D = Time resting spent in this place.
 E = Time spent auto-exploring this place.
 F = Levels seen in this place.
 G = Mean time per level.
                   A        B        C        D        E       F      G
               +--------+--------+--------+--------+--------+-----+--------+
         Total |    124 |    124 |      0 |      0 |     76 |   1 |  124.0 |
       Dungeon |    124 |    124 |      0 |      0 |     76 |   1 |  124.0 |
               +--------+--------+--------+--------+--------+-----+--------+

Top non-repeatable levels by time:
     D:1: 124 daAuts
